 Dungeon Crawl Stone Soup version 0.21-a0-1-gaf3b9a5 (webtiles) character file.

43638 poirepourri the Severer (level 13, -5/124 HPs)
             Began as a Minotaur Fighter on May 19, 2017.
             Was a High Priest of Makhleb.
             Slain by an 11-headed hydra (10 damage)
             ... on level 6 of the Lair of Beasts on May 20, 2017.
             The game lasted 00:25:05 (19701 turns).

poirepourri the Severer (Minotaur Fighter)         Turns: 19701, Time: 00:25:05

Health: -5/124     AC: 12    Str: 26    XL:     13   Next: 91%
Magic:  14/14      EV: 16    Int:  5    God:    Makhleb [*****.]
Gold:   1471       SH: 14    Dex: 14    Spells: 12/12 levels left

rFire    + + .     SeeInvis +   t - +2 war axe (elec)
rCold    . . .     Gourm    .   c - +0 shield
rNeg     . . .     Faith    .   p - +1 chain mail {rF+}
rPois    .         Spirit   .   I - +1 hat
rElec    .         Reflect  .   (no cloak)
rCorr    .         Harm     .   (no gloves)
MR       .....                  r - +0 pair of boots
Stlth    ..........             S - amulet "Iniovof" {RegenMP rF+ SInv}
Regen    0.3/turn               D - +4 ring of evasion
MPRegen  0.3/turn               a - +4 ring of strength

@: no status effects
A: retaliatory headbutt, horns 2
a: Minor Destruction, Lesser Servant of Makhleb, Major Destruction, Greater
Servant of Makhleb, Renounce Religion


You were on level 6 of the Lair of Beasts.
You worshipped Makhleb.
Makhleb was extremely pleased with you.
You were not hungry.

You visited 3 branches of the dungeon, and saw 20 of its levels.
You also visited: Labyrinth.

You collected 1491 gold pieces.
You spent 20 gold pieces at shops.

Inventory:

Hand Weapons
 t - a +2 war axe of electrocution (weapon)
Missiles
 h - 4 throwing nets
 m - 128 bolts
 x - 13 tomahawks (quivered)
Armour
 c - a +0 shield (worn)
 p - a +1 chain mail of fire resistance (worn)
 r - a +0 pair of boots (worn)
 I - a +1 hat (worn)
Jewellery
 a - a +4 ring of strength (right hand)
 i - an uncursed amulet of guardian spirit
 D - a +4 ring of evasion (left hand)
 M - an uncursed amulet of the gourmand
 N - the amulet "Ovadukal" {Inacc rElec rF+ Dex+2}
   (You found it on level 12 of the Dungeon)

   [amulet of inaccuracy]

   It reduces the accuracy of all your attacks.
   It affects your dexterity (+2).
   It protects you from fire.
   It insulates you from electricity.
 S - the amulet "Iniovof" (around neck) {RegenMP rF+ SInv}
   (You found it in a labyrinth)

   [amulet of magic regeneration]

   It increases your magic regeneration.
   It protects you from fire.
   It lets you see invisible.
 U - an uncursed ring of positive energy
Wands
 y - a wand of confusion (30/48)
 A - a wand of flame (23/48)
 C - a wand of flame (26/48)
 G - a wand of polymorph (14/24)
 K - a wand of confusion (18/48)
 P - a wand of polymorph (4/24)
 Q - a wand of disintegration (24/24)
 R - a wand of paralysis (7/24)
 V - a wand of random effects (18/48)
 W - a wand of iceblast (8/15)
Scrolls
 j - 9 scrolls of remove curse
 s - 6 scrolls of teleportation
 v - 6 scrolls of recharging
 B - 3 scrolls of amnesia
Potions
 b - 2 potions of flight
 d - a potion of curing
 e - 3 potions of brilliance
 n - 4 potions of haste
 q - 3 potions of resistance
 w - 3 potions of magic
 z - a potion of berserk rage {unknown}
 E - a potion of ambrosia
 F - 4 potions of mutation
 H - 2 potions of agility
Books
 J - a book of Minor Magic

   Spells                             Type                      Level
   a - Magic Dart                     Conjuration                  1
   b - Blink                          Translocation                2
   c - Call Imp                       Summoning                    2
   d - Slow                           Hexes                        2
   e - Conjure Flame                  Conjuration/Fire             3
   f - Mephitic Cloud                 Conjuration/Poison/Air       3
 O - a book of Callings

   Spells                             Type                      Level
   a - Summon Small Mammal            Summoning                    1
   b - Call Imp                       Summoning                    2
   c - Call Canine Familiar           Summoning                    3
   d - Summon Guardian Golem          Hexes/Summoning              3
   e - Summon Lightning Spire         Summoning/Air                4
   f - Summon Ice Beast               Ice/Summoning                4
Comestibles
 f - 15 bread rations
 l - 4 meat rations
 u - 20 fruits


   Skills:
 + Level 14.1 Fighting
 + Level 17.5 Axes
 + Level 4.1 Armour
 + Level 6.5 Dodging
 - Level 15.0 Shields
 + Level 3.4 Invocations


You had 12 spell levels left.
You didn't know any spells.

Dungeon Overview and Level Annotations

Branches:
Dungeon (13/15)            Temple (1/1) D:5            Lair (6/6) D:11
 Shoals (0/4) Lair:2       Spider (0/4) Lair:3        Slime (0/5) Lair:5
    Orc (0/2) D:11
 Vaults: D:13-14

Altars:
Ashenzari
Cheibriados
Dithmenos
Elyvilon
Fedhas
Gozag
Hepliaklqana
Kikubaaqudgha
Makhleb
Nemelex Xobeh
Okawaru
Qazlal
Ru
Sif Muna
Trog
Uskayaw
Vehumet
Xom
Yredelemnul
Zin
The Shining One
Jiyva

Shops:
D:4 ?

Annotations:
D:13 Frances


Innate Abilities, Weirdness & Mutations

You reflexively headbutt those who attack you in melee.
You have a pair of horns on your head.


Message History

The 11-headed hydra closely misses you.
Your orange demon barely misses the polar bear.
Your orange demon hits the polar bear.
Your smoke demon hits the 11-headed hydra!
Your smoke demon hits the 11-headed hydra. x2
Your hellwing hits the polar bear but does no damage.
Your hellwing hits the polar bear.
The polar bear dies!
Makhleb accepts your kill. The wolf barely misses you.
Unknown command.
Unknown command.
Unknown command.
You feel better. The hippogriff barely misses you.
You block the hippogriff's attack. The hippogriff closely misses you.
You block the 11-headed hydra's attack. The 11-headed hydra bites you!
* * * LOW HITPOINT WARNING * * *
You block the 11-headed hydra's attack. x2
The 11-headed hydra barely misses you. The 11-headed hydra bites you!
You die...

...........#P
#............
#............
#(..........
#....4...# #P..†..##
#.4....# ##H)...##
#@D3....# #h.....##
.. ###..#.##
/...#.......# ##
............## #..
......#...#..####...
.....##.............
....# ##P....#......
.... ##..........


You could see a 11-headed hydra, a hippogriff, a wolf, a friendly orange demon,
a friendly hellwing and a friendly smoke demon.

Vanquished Creatures
  Gastronok (D:8)
  A minotaur (Lab)
  An ogre mage (D:12)
  Josephine (D:10)
  3 two-headed ogres
  3 death yaks (Lair:4)
  2 fire crabs
  A lindwurm (Lair:4)
  An oklob plant (Lair:1)
  2 ugly things (D:12)
  2 merfolk sirens (Lair:2)
  The ghost of anet the Magician, a novice DEWz (D:6)
  2 gargoyles
  10 spiny frogs
  A centaur skeleton (D:10)
  4 rime drakes
  5 komodo dragons
  3 trolls
  A merfolk (Lair:2)
  2 polar bears (Lair:6)
  A jumping spider (Lair:3)
  4 hornets
  3 blink frogs (Lair:5)
  6 hippogriffs
  7 dream sheep
  3 slime creatures (D:8)
  Sigmund (D:2)
  6 spriggans (Lair:6)
  A shadow (D:12)
  3 redbacks (Lair:3)
  3 wyverns
  23 yaks
  3 basilisks
  3 hungry ghosts
  7 wraiths
  2 acid dragons
  13 water moccasins
  Duvessa (D:6)
  7 porcupines
  5 ice beasts
  8 orc warriors
  2 sky beasts
  7 black bears
  3 phantoms
  A necrophage (D:4)
  An eye of draining (D:12)
  19 wolves (Lair:6)
  A boggart (Lair:6)
  5 ogres
  3 centaurs
  9 crocodiles
  3 big kobolds
  13 bullfrogs
  2 scorpions
  Dowan (D:6)
  4 killer bees (D:10)
  6 wights (D:12)
  3 howler monkeys
  3 bullfrog zombies
  4 crimson imps
  5 hounds
  A quasit (D:9)
  4 jellies
  2 gnoll shamans
  4 orc priests
  10 orc wizards
  6 iguanas
  Natasha (D:2)
  8 worker ants
  3 hell rats (Lair:4)
  2 hound zombies
  A hound skeleton (D:8)
  3 worker ant zombies
  19 gnolls
  2 howler monkey skeletons (D:6)
  14 adders
  4 river rats (Lair:4)
  3 shadow imps
  2 oozes (D:1)
  2 adder zombies
  2 adder skeletons
  A worm (D:5)
  A dart slug (D:2)
  7 leopard geckos
  42 orcs
  3 ball pythons
  3 giant cockroaches
  7 goblins
  6 hobgoblins
  7 jackals
  6 quokkas
  8 bats
  8 frilled lizards
  17 kobolds
  11 rats
  A bush (Lair:1)
  A butterfly (D:5)
  4 fungi
  4 plants
482 creatures vanquished.

Vanquished Creatures (collateral kills)
  2 hydras
  3 death yaks (Lair:4)
  A spiny frog (Lair:1)
  A polar bear (Lair:6)
  A spriggan (Lair:6)
8 creatures vanquished.

Vanquished Creatures (others)
  A bullfrog (D:11)
  A river rat (Lair:4)
  4 fungi
6 creatures vanquished.

Grand Total: 496 creatures vanquished

Notes
Turn   | Place    | Note
-------+----------+-------------------------------------------
     0 | D:1      | poirepourri the Minotaur Fighter began the quest for the Orb.
     0 | D:1      | Reached XP level 1. HP: 19/19 MP: 0/0
    44 | D:1      | Reached XP level 2. HP: 27/27 MP: 1/1
   161 | D:1      | Reached skill level 3 in Axes
   382 | D:1      | Reached XP level 3. HP: 26/33 MP: 2/2
   476 | D:2      | Noticed Natasha
   484 | D:2      | Killed Natasha
   576 | D:2      | Reached XP level 4. HP: 35/41 MP: 3/3
   691 | D:2      | Reached skill level 4 in Axes
  1018 | D:2      | Reached XP level 5. HP: 45/47 MP: 4/4
  1023 | D:2      | Found a shimmering altar of Xom.
  1024 | D:2      | Found a shimmering altar of Xom.
  1024 | D:2      | Found a shimmering altar of Xom.
  1047 | D:2      | Found a shimmering altar of Xom.
  1059 | D:2      | Found a shimmering altar of Xom.
  1097 | D:2      | Reached skill level 1 in Dodging
  1118 | D:2      | Noticed Sigmund
  1142 | D:2      | HP: 1/47 [something (11)]
  1154 | D:2      | Killed Sigmund
  1154 | D:2      | Reached skill level 5 in Fighting
  1154 | D:2      | Reached skill level 5 in Axes
  1154 | D:2      | Reached skill level 5 in Shields
  1154 | D:2      | Reached XP level 6. HP: 6/56 MP: 1/5
  1724 | D:3      | Found an iron altar of Okawaru.
  1863 | D:3      | Reached skill level 6 in Axes
  2728 | D:4      | Found Yvos's Magic Scroll Shoppe.
  2732 | D:4      | Bought a scroll of identify for 20 gold pieces
  2748 | D:4      | Reached XP level 7. HP: 61/61 MP: 6/6
  2921 | D:4      | Found a stormy altar of Qazlal.
  2928 | D:4      | Reached skill level 7 in Axes
  2957 | D:4      | Found a blossoming altar of Fedhas.
  3390 | D:5      | Entered Level 5 of the Dungeon
  3573 | D:5      | Found a staircase to the Ecumenical Temple.
  3711 | Temple   | Entered the Ecumenical Temple
  3902 | Temple   | Became a worshipper of Makhleb the Destroyer
  4035 | D:5      | Reached skill level 8 in Axes
  4174 | D:5      | Reached XP level 8. HP: 70/70 MP: 7/7
  4490 | D:6      | Noticed anet's ghost (novice DEWz)
  4529 | D:6      | Killed anet's ghost
  4529 | D:6      | Reached skill level 9 in Axes
  4560 | D:6      | Reached * piety under Makhleb
  5024 | D:6      | Reached skill level 10 in Axes
  5104 | D:6      | Reached XP level 9. HP: 78/78 MP: 8/8
  5202 | D:6      | Found a radiant altar of Vehumet.
  5443 | D:6      | Noticed Dowan
  5444 | D:6      | Noticed Duvessa
  5454 | D:6      | Killed Dowan
  5464 | D:6      | Killed Duvessa
  5597 | D:6      | Reached skill level 11 in Axes
  5999 | D:6      | Reached ** piety under Makhleb
  6114 | D:7      | Found a blossoming altar of Fedhas.
  6555 | D:7      | Upgraded the game from 0.20-b1 to 0.21-a0-1-gaf3b9a5
  6950 | D:8      | Identified a scroll of acquirement
  6982 | D:8      | Noticed a two-headed ogre
  6990 | D:8      | Killed a two-headed ogre
  6990 | D:8      | Reached skill level 12 in Axes
  6990 | D:8      | Reached XP level 10. HP: 77/88 MP: 4/9
  7030 | D:8      | Reached skill level 10 in Shields
  7746 | D:8      | Found a glowing silver altar of Zin.
  7747 | D:8      | Noticed an angel
  7748 | D:8      | Found a shimmering altar of Xom.
  7754 | D:8      | Noticed Gastronok
  7771 | D:8      | Killed Gastronok
  7771 | D:8      | Reached skill level 13 in Axes
  8598 | D:9      | Reached skill level 14 in Axes
  8654 | D:9      | Reached *** piety under Makhleb
  8664 | D:9      | Reached XP level 11. HP: 97/97 MP: 8/10
  9270 | D:10     | Entered Level 10 of the Dungeon
  9573 | D:10     | Reached skill level 10 in Fighting
  9673 | D:10     | Noticed Josephine
  9691 | D:10     | Killed Josephine
  9695 | D:10     | Reached **** piety under Makhleb
  9889 | D:10     | Noticed a two-headed ogre
  9897 | D:10     | Killed a two-headed ogre
  9897 | D:10     | Reached skill level 15 in Axes
 10247 | D:11     | Found a staircase to the Lair.
 10408 | D:11     | Found a staircase to the Orcish Mines.
 11186 | D:12     | Noticed a two-headed ogre
 11192 | D:12     | Killed a two-headed ogre
 11223 | D:12     | Noticed a green ugly thing
 11223 | D:12     | Noticed an ogre mage
 11226 | D:12     | Killed a green ugly thing
 11229 | D:12     | Paralysed by an ogre mage for 7 turns
 11238 | D:12     | Killed an ogre mage
 11238 | D:12     | Reached XP level 12. HP: 83/110 MP: 7/11
 11243 | D:12     | Got a slimy pewter amulet
 11335 | D:12     | Identified the amulet "Ovadukal" {Inacc rElec rF+ Dex+2} (You found it on level 12 of the Dungeon)
 11359 | D:12     | Paralysed by a hornet for 1 turns
 11741 | D:12     | Reached skill level 16 in Axes
 11741 | D:12     | Reached skill level 5 in Dodging
 12062 | D:12     | Reached ***** piety under Makhleb
 12473 | D:12     | Noticed a six-headed hydra
 12487 | D:12     | Killed a seven-headed hydra
 12960 | D:13     | Noticed Frances
 12979 | D:13     | HP: 4/112 [Frances/shard of ice (36)]
 13410 | Lair:1   | Entered Level 1 of the Lair of Beasts
 13556 | Lair:1   | Noticed a six-headed hydra
 13580 | Lair:1   | Killed a seven-headed hydra
 14089 | Lair:1   | Reached skill level 1 in Invocations
 14491 | Lair:1   | Found a blossoming altar of Fedhas.
 15232 | Lair:2   | Found a staircase to the Shoals.
 15663 | Lair:3   | Found a labyrinth entrance.
 15663 | Lair:3   | Found a frozen archway.
 15676 | Lab      | Entered a labyrinth
 16413 | Lab      | Noticed a minotaur
 16422 | Lab      | Killed a minotaur
 16422 | Lab      | Reached XP level 13. HP: 79/119 MP: 5/13
 16426 | Lab      | Got a steaming ruby amulet
 16473 | Lair:3   | Identified the amulet "Iniovof" {RegenMP rF+ SInv} (You found it in a labyrinth)
 16655 | Lair:3   | Found a hole to the Spider Nest.
 16996 | Lair:4   | Reached skill level 17 in Axes
 18812 | Lair:5   | Found a viscous altar of Jiyva.
 18813 | Lair:5   | Found a staircase to the Slime Pits.
 18858 | Lair:6   | Entered Level 6 of the Lair of Beasts
 19079 | Lair:6   | Paralysed by a hornet for 3 turns
 19087 | Lair:6   | Reached skill level 15 in Shields
 19697 | Lair:6   | HP: 3/124 [11-headed hydra (6)]
 19701 | Lair:6   | Slain by an 11-headed hydra

Vault maps used:
D:1:      minmay_arrival_semitransparent
D:2:      xom_redecorated, uniq_natasha, uniq_sigmund
D:3:      cheibrodos_helix_gallery, hangedman_decor_push, kennysheep_cross_room,
          okawaru_ov_weapons_minmay
D:4:      grunt_temple_overflow_forces_of_nature, serial_shops, shop,
          minmay_cut_off
D:5:      minmay_temple_entry_butterflies, first_bread
D:6:      vehumet_crystals, uniq_duvessa
D:7:      basic_altar, grunt_ogre_cave, lightli_corner_chamber
D:8:      grunt_temple_overflow_order_and_chaos_1, minivault_22, uniq_gastronok
D:10:     uniq_josephine
D:11:     due_lair_maze_entry_diamond, lemuel_flamethrower_hall
D:12:     hangedman_arrow_trap, kennysheep_generic_room_11
D:13:     hangedman_vaults_entry_quadrant_bands, serial_shops, shop_coins,
          uniq_frances
Temple:   regret_index_temple_sphere_string
Lair:1:   tgw_fedhas
Lair:2:   elwin_shoals_entry_rooms
Lair:3:   spider_nest_entry_a, portal_ice_cave_entry_pillars_1,
          lab_entry_generic
Lair:4:   nicolae_volcano_entry_vermiform, kennysheep_abandoned_house,
          lemuel_fruit_tree
Lair:5:   dpeg_slime_entry_enclosed_altar, grunt_megastairs_3
Lair:6:   minmay_lair_end_enchanted_forest
Lab:      labyrinth_glass_1, nicolae_lab_grate_2

Skill      XL: |  1  2  3  4  5  6  7  8  9 10 11 12 13 |
---------------+----------------------------------------+-----
Fighting       | 4 5 6 8 9 11 12 14 | 14.1
Axes           | 3 4 5 6 8 10 12 14 15 16 17 | 17.5
Shields        | 4 5 6 8 9 10 12 13 15 | 15.0
Dodging        | 1 2 3 4 5 6 |  6.5
Invocations    | 2 3 |  3.4
Armour         | 4 |  4.1

Action                   |  1- 3 |  4- 6 |  7- 9 | 10-12 | 13-15 || total
-------------------------+-------+-------+-------+-------+-------++-------
Melee: War axe           |    54 |   115 |   352 |   582 |   247 ||  1350
       Headbutt          |     9 |     6 |    68 |   148 |    57 ||   288
Invok: Lesser Servant of |       |       |       |     7 |     9 ||    16
  Use: Scroll            |     5 |     4 |     9 |    20 |    11 ||    49
       Potion            |       |     6 |     2 |     6 |     9 ||    23
 Stab: Invisible         |       |     1 |       |       |       ||     1
  Eat: Royal jelly       |       |     1 |     2 |     4 |     1 ||     8
       Bread ration      |       |     1 |     2 |     3 |       ||     6
       Fruit             |       |       |     4 |     5 |     5 ||    14
       Meat ration       |       |       |       |     2 |     1 ||     3
       Chunk             |       |       |       |     3 |       ||     3
Armor: Scale mail        |    27 |    43 |       |       |       ||    70
       Skin              |       |     7 |       |       |       ||     7
       Chain mail        |       |    35 |   116 |   160 |   125 ||   436
Dodge: Dodged            |    21 |    35 |    86 |   216 |   194 ||   552
Block: Shield            |    27 |    92 |   188 |   367 |   236 ||   910
